Match 47270842
Unlisted

Match 47270842
End
Construct Section Command Post
Vickers Machine Gun Team
Selects Australian Defense Battlegroup
Selects Australian Light Infantry Section
Australian Light Infantry Section
Australian Light Infantry Section
ML 3-inch Mortar Team
Construct Field Infirmary
Australian Light Infantry Section
Selects CMP 15cwt Supply Run
CMP 15cwt Supply Run
Construct Platoon Command Post
Unlock Bishop Self-propelled Artillery
6-pounder Anti-tank Gun Team
Bishop Self-propelled Artillery
Bishop Self-propelled Artillery
Light Vehicle Training
6-pounder Anti-tank Gun Team
Construct Company Command Post
Crusader II Medium Tank
Selects 2-pounder Anti-tank Gun Team
Selects Artillery Trip Wire Flares
Crusader II Medium Tank
TeamSpeakUser
LITTLE TRICKSTER
Da Cracka Whacka
Mr. Refreshing
Kimchi Man
Reculus
JOSHPAZ89
Sky
0
0

Comments sign in to comment!

No comments posted yet!